 Dungeon Crawl Stone Soup version 0.28-a0-769-g550dbda0cd (webtiles) character file.

Game seed: 12677045272839724484

2191 lorenzova the Thaumaturge (level 9, -2/45 HPs)
             Began as a Deep Elf Conjurer on Oct 31, 2021.
             Was an Initiate of Vehumet.
             Slain by a water moccasin (8 damage)
             ... on level 7 of the Dungeon.
             The game lasted 00:12:34 (7622 turns).

lorenzova the Thaumaturge (Deep Elf Conjurer)       Turns: 7622, Time: 00:12:35

Health: -2/45      AC:  5    Str:  4    XL:     9   Next: 12%
Magic:  1/25       EV: 12    Int: 27    God:    Vehumet [......]
Gold:   167        SH:  0    Dex: 13    Spells: 17/28 levels left

rFire   . . .      SeeInvis .   u - +4 quarterstaff (chaos)
rCold   . . .      Faith    .   (shield currently unavailable)
rNeg    . . .      Spirit   .   a - +0 robe
rPois   .          Reflect  .   (no helmet)
rElec   .          Harm     .   i - +2 cloak
rCorr   .          Rampage  .   (no gloves)
Will    .....                   (no boots)
Stlth   ++........              (no amulet)
HPRegen 0.15/turn               (no ring)
MPRegen 0.19/turn               (no ring)

@: no status effects
A: no striking features
a: Renounce Religion


You were on level 7 of the Dungeon.
You worshipped Vehumet.
Vehumet was noncommittal.
You visited 2 branches of the dungeon, and saw 8 of its levels.

You collected 187 gold pieces.
You spent 20 gold pieces at shops.

Inventory:

Hand Weapons
 j - a +1 falchion of flaming
 u - a +4 quarterstaff of chaos (weapon)
Armour
 a - a +0 robe (worn)
 i - a +2 cloak (worn)
Jewellery
 p - a ring of ice
 t - an amulet of guardian spirit
Wands
 n - a wand of acid (11)
 v - a wand of paralysis (8)
Scrolls
 b - 2 scrolls of blinking {unknown}
 d - 3 scrolls of teleportation
 e - 2 scrolls of amnesia {unknown}
 f - 2 scrolls of immolation {unknown}
 k - a scroll of noise {unknown}
 m - 2 scrolls of enchant armour {unknown}
 q - a scroll of enchant weapon {unknown}
 r - a scroll of fear {unknown}
 w - a scroll of fog {unknown}
Potions
 c - a potion of might
 g - 4 potions of curing
 h - a potion of attraction
 l - 2 potions of ambrosia
 o - a potion of degeneration {unknown}
 s - a potion of flight


   Skills:
 - Level 2.4 Dodging
 - Level 2.4 Stealth
 * Level 10.2 Spellcasting
 * Level 9.3 Conjurations
 + Level 5.2 Hexes
 + Level 4.3 Translocations


You had 17 spell levels left.
You knew the following spells:

 Your Spells              Type           Power      Damage    Failure   Level
a - Magic Dart            Conj           100%       1d8       1%          1
b - Searing Ray           Conj           100%       2d8       1%          2
c - Iskenderun's Mystic   Conj/Tloc      50%        2d11      2%          4
d - Fulminant Prism       Conj/Hex       26%        3d14      1%          4

Your spell library contained the following spells:

 Spells                   Type           Power      Damage    Failure   Level
 Foxfire                  Conj/Fire      100%       2x1d9     1%          1
 Conjure Flame            Conj/Fire      39%        6-21      1%          3
 Dazzling Flash           Conj/Hex       100%       N/A       1%          3
 Ensorcelled Hibernation  Hex/Ice        54%        N/A       2%          2
 Mephitic Cloud           Conj/Pois/Air  30%        N/A       3%          3
 Inner Flame              Hex/Fire       27%        N/A       4%          3
 Flame Wave               Conj/Fire      39%        3d8       6%          4
 Sticky Flame             Conj/Fire      39%        2d6       6%          4
 Ignite Poison            Fire/Tmut/Pois 13%        N/A       13%         3
 Spider Form              Tmut/Pois      6%         N/A       13%         3
 Freezing Cloud           Conj/Ice/Air   15%        6-21      32%         5
 Olgreb's Toxic Radiance  Pois           13%        N/A       38%         4
 Starburst                Conj/Fire      19%        6d7       67%         6
 Ozocubu's Refrigeration  Ice            6%         4d6       100%        7
 Ignition                 Fire           6%         3d4       100%        8


Dungeon Overview and Level Annotations

Branches:
Dungeon (7/15)             Temple (1/1) D:5

Altars:
Cheibriados
Elyvilon
Fedhas
Gozag
Hepliaklqana
Qazlal
Vehumet
Xom
Yredelemnul
The Shining One

Shops:
D:2 ?   D:6 *


Message History

Casting: Searing Ray (safe; 1% risk of failure)
Confirm with . or Enter, or press ? or * to list all spells.
Aiming: Searing Ray (safe; 1% risk of failure)
Press: ? - help, Shift-Dir - straight line, f/p - water moccasin
Aim: a water moccasin (almost dead, 72% to hit)
The searing ray misses the water moccasin. (Press . to maintain the ray.)
You feel sick.
The water moccasin bites you but does no damage.
The water moccasin bites you!
You are more poisoned.
The water moccasin poisons you!
The searing ray misses the water moccasin.
You feel very sick. The water moccasin bites you.
You closely miss the water moccasin.
The water moccasin is almost dead.
You feel very sick. The water moccasin bites you.
* * * LOW HITPOINT WARNING * * *
You are more poisoned.
The water moccasin poisons you! The water moccasin misses you.
You feel better. The water moccasin bites you!
* * * LOW HITPOINT WARNING * * *
You barely miss the water moccasin.
The water moccasin is almost dead.
The water moccasin bites you.
* * * LOW HITPOINT WARNING * * *
The water moccasin bites you.
* * * LOW HITPOINT WARNING * * *
Okay, then.
Okay, then.
You completely miss the water moccasin.
The water moccasin is almost dead.
The water moccasin closely misses you.
The water moccasin bites you but does no damage.
You completely miss the water moccasin.
The water moccasin is almost dead.
The water moccasin bites you!
You die...

.#.#. ... .. #.#
#. ... .. #.# .#
#.# .####.# #.#
.....
###########.##†.#
......†.@S...>.)#
########..###.#)#
#......# #
#.###### #.# #.#
#.# #.# #.#


You could see a water moccasin.

Vanquished Creatures
  A hornet zombie (D:6)
  An ice beast (D:5)
  2 necrophages
  3 ogres
  A phantom (D:6)
  3 bullfrogs (D:7)
  2 water moccasin zombies
  4 scorpions
  2 water moccasin skeletons
  2 bullfrog zombies (D:5)
  3 centaur zombies
  5 hounds
  3 bullfrog skeletons
  An orc priest (D:7)
  A jelly (D:6)
  Crazy Yiuf (D:4)
  A centaur skeleton (D:6)
  An iguana (D:5)
  2 orc wizards (D:5)
  A hound zombie (D:5)
  A mummy (D:4)
  3 gnolls (D:3)
  3 howler monkey skeletons
  6 adders
  A white imp (D:5)
  An adder zombie (D:5)
  5 dart slugs
  15 orcs
  6 ball pythons
  7 endoplasms
  2 giant cockroaches
  9 goblins
  7 hobgoblins
  3 quokkas
  6 bats (D:1)
  3 frilled lizards
  5 kobolds
  4 rats
127 creatures vanquished.

Vanquished Creatures (others)
  2 fungi (D:4)
2 creatures vanquished.

Grand Total: 129 creatures vanquished

Notes
Turn   | Place    | Note
-------+----------+-------------------------------------------
     0 | D:1      | lorenzova the Deep Elf Conjurer began the quest for the
                  | Orb.
     0 | D:1      | Reached XP level 1. HP: 10/10 MP: 6/6
   226 | D:1      | Found a faded altar of an unknown god.
   398 | D:1      | Reached XP level 2. HP: 15/15 MP: 3/8
   444 | D:1      | Learned a level 2 spell: Searing Ray
   760 | D:1      | Reached skill level 4 in Spellcasting
   899 | D:1      | Reached skill level 5 in Conjurations
   899 | D:1      | Reached XP level 3. HP: 19/19 MP: 8/10
  1518 | D:2      | Found Zizac's Magic Scroll Boutique.
  1532 | D:2      | Bought a scroll of identify for 20 gold pieces
  2418 | D:3      | Reached XP level 4. HP: 24/24 MP: 7/12
  2896 | D:3      | Reached skill level 5 in Spellcasting
  3345 | D:4      | Found a snail-covered altar of Cheibriados.
  3354 | D:4      | Reached XP level 5. HP: 28/28 MP: 6/14
  3572 | D:4      | Noticed an ogre
  3579 | D:4      | Killed an ogre
  3580 | D:4      | Reached skill level 6 in Spellcasting
  3695 | D:4      | Reached XP level 6. HP: 27/32 MP: 3/17
  3788 | D:4      | Learned a level 4 spell: Iskenderun's Mystic Blast
  3793 | D:4      | Learned a level 4 spell: Fulminant Prism
  4141 | D:4      | Reached skill level 1 in Hexes
  4141 | D:4      | Reached skill level 1 in Translocations
  4365 | D:4      | Found a runed translucent door.
  4366 | D:4      | Noticed Crazy Yiuf
  4371 | D:4      | Killed Crazy Yiuf
  4372 | D:4      | Reached skill level 7 in Spellcasting
  4460 | D:5      | Entered Level 5 of the Dungeon
  4516 | D:5      | Reached XP level 7. HP: 36/36 MP: 13/19
  4941 | D:5      | Reached skill level 8 in Spellcasting
  5110 | D:5      | Reached XP level 8. HP: 41/41 MP: 15/22
  5302 | D:5      | Found a staircase to the Ecumenical Temple.
  5333 | Temple   | Entered the Ecumenical Temple
  5370 | Temple   | Became a worshipper of Vehumet
  5670 | D:5      | Found a white marble altar of Elyvilon.
  6233 | D:6      | Found Xaataeg's Assorted Antiques.
  6605 | D:6      | Reached skill level 9 in Spellcasting
  7552 | D:7      | Reached skill level 10 in Spellcasting
  7552 | D:7      | Reached skill level 5 in Hexes
  7552 | D:7      | Reached XP level 9. HP: 45/45 MP: 17/25
  7622 | D:7      | Slain by a water moccasin

Illustrated notes

Levels and vault maps discovered:
D:1:      beargit_arrival_diablo_church, layout_basic,
          shapermc_ecumenical_altar_ellora, minmay_crystal_room
D:2:      layout_basic, serial_shops, nicolae_square_shop, minivault_5
D:3:      layout_loops_ring, kennysheep_flooded_box
D:4:      layout_loops_ring, slow_altar_1, chequers_serial_rivers_large_b,
          uniq_crazy_yiuf_cottage
D:5:      layout_basic, elyvilon_altar_1, minmay_temple_entry_statues_pillars,
          serial_undead, serial_undead_c, serial_undead_f, serial_undead_f,
          serial_undead_c
D:6:      layout_gridville, serial_shops, nicolae_square_shop
D:7:      layout_basic, serial_glass, glass_columns_a, glass_columns_b,
          glass_columns_a, glass_columns_b, glass_columns_a,
          kennysheep_generic_room_12
Temple:   regret_index_temple_sphere_string

Skill      XL: |  1  2  3  4  5  6  7  8 |
---------------+-------------------------+-----
Spellcasting   | 4 5 6 7 8 10 | 10.2
Conjurations   | 5 6 7 9 |  9.3
Hexes          | 1 3 5 |  5.2
Translocations | 1 2 4 |  4.3
Dodging        | |  2.4
Stealth        | |  2.4

Action                   |  1- 3 |  4- 6 |  7- 9 || total
-------------------------+-------+-------+-------++-------
Melee: Falchion          |       |     5 |       ||     5
       Quarterstaff      |       |     1 |     7 ||     8
 Cast: Magic Dart        |    71 |    73 |    59 ||   203
       Searing Ray       |     1 |     9 |    46 ||    56
       Iskenderun's Myst |       |       |     7 ||     7
  Use: Scroll            |     3 |     2 |     2 ||     7
       Potion            |       |       |     1 ||     1
Armor: Robe              |       |     3 |    12 ||    15
Dodge: Dodged            |     5 |     6 |    37 ||    48

Table legend: (Time is in decaauts)
 A = Elapsed time spent in this place.
 B = Non-inter-level travel time spent in this place.
 C = Inter-level travel time spent in this place.
 D = Time resting spent in this place.
 E = Time spent auto-exploring this place.
 F = Levels seen in this place.
 G = Mean time per level.
                   A        B        C        D        E       F      G
               +--------+--------+--------+--------+--------+-----+--------+
         Total |   7649 |   7426 |    223 |   2655 |   3939 |   8 |  956.1 |
       Dungeon |   7587 |   7388 |    199 |   2655 |   3914 |   7 | 1083.9 |
        Temple |     62 |     38 |     24 |      0 |     25 |   1 |   62.0 |
               +--------+--------+--------+--------+--------+-----+--------+

Top non-repeatable levels by time:
     D:5: 1705 daAuts
     D:1: 1348 daAuts
     D:6: 1170 daAuts
     D:4: 1147 daAuts
     D:2: 1060 daAuts
     D:3: 930 daAuts
     D:7: 224 daAuts
  Temple: 62 daAuts
